 Dungeon Crawl Stone Soup version 0.21.0-25-ge575cb9ce8 (webtiles) character file.

104 McKennaii the Vexing (level 4, -1/34 HPs)
             Began as a Gnoll Arcane Marksman on Jan 25, 2018.
             Slain by an orc wizard
             ... wielding a +2 dagger of venom
              (6 damage)
             ... on level 3 of the Dungeon.
             The game lasted 00:04:02 (2417 turns).

McKennaii the Vexing (Gnoll Arcane Marksman)        Turns: 2417, Time: 00:04:02

Health: -1/34      AC:  2    Str: 13    XL:     4   Next: 80%
Magic:  8/8        EV: 21    Int: 15    God:
Gold:   181        SH:  0    Dex: 21    Spells: 8/9 levels left

rFire    + . .     SeeInvis .   a - +0 shortbow
rCold    + . .     Gourm    .   (shield currently unavailable)
rNeg     . . .     Faith    .   e - +0 robe
rPois    +         Spirit   .   (no helmet)
rElec    +         Reflect  .   (no cloak)
rCorr    +         Harm     .   (no gloves)
MR       .....                  (no boots)
Stlth    +++.......             (no amulet)
HPRegen  0.11/turn              (no ring)
MPRegen  0.11/turn              (no ring)

@: agile, lethally poisoned (-1 -> -21), resistant, flying
A: distributed training, fangs 1, strong nose
a: no special abilities


You were on level 3 of the Dungeon.
You were hungry.

You visited 1 branch of the dungeon, and saw 3 of its levels.

You collected 181 gold pieces.

Inventory:

Hand Weapons
 a - a +0 shortbow (weapon)
Missiles
 d - 6 arrows (quivered)
Armour
 e - a +0 robe (worn)
Scrolls
 b - 2 scrolls of identify {unknown}
 g - 2 scrolls of enchant armour {unknown}
 k - 2 scrolls of teleportation {unknown}
 l - a scroll of immolation {unknown}
 m - 2 scrolls of remove curse {unknown}
Books
 c - a book of Debilitation

   Spells                             Type                      Level
   a - Corona                         Hexes                        1
   b - Slow                           Hexes                        2
   c - Inner Flame                    Hexes/Fire                   3
   d - Portal Projectile              Hexes/Translocation          3
   e - Cause Fear                     Hexes                        4
   f - Leda's Liquefaction            Hexes/Earth                  4
Comestibles
 f - 5 rations


   Skills:
 + Level 2.8 Fighting
 + Level 1.2 Short Blades
 + Level 1.2 Long Blades
 + Level 1.2 Axes
 + Level 1.2 Maces & Flails
 + Level 1.2 Polearms
 + Level 1.2 Staves
 + Level 1.2 Slings
 + Level 4.7 Bows
 + Level 1.2 Crossbows
 + Level 1.2 Throwing
 + Level 1.2 Armour
 + Level 4.7 Dodging
 + Level 1.2 Stealth
 + Level 1.2 Shields
 + Level 1.2 Unarmed Combat
 + Level 3.0 Spellcasting
 + Level 1.0 Conjurations
 + Level 5.5 Hexes
 + Level 1.0 Charms
 + Level 1.0 Summonings
 + Level 1.0 Necromancy
 + Level 1.0 Translocations
 + Level 1.0 Transmutations
 + Level 1.0 Fire Magic
 + Level 1.0 Ice Magic
 + Level 1.0 Air Magic
 + Level 1.0 Earth Magic
 + Level 1.0 Poison Magic
 + Level 1.3 Invocations
 + Level 1.2 Evocations


You had 8 spell levels left.
You knew the following spells:

 Your Spells              Type           Power        Failure   Level  Hunger
a - Corona                Hex            ###....      1%          1    #......


Dungeon Overview and Level Annotations

Branches:
Dungeon (3/15)

Altars:


Innate Abilities, Weirdness & Mutations

Your experience applies equally to all skills.
You have very sharp teeth.
Your uncanny sense of smell can sniff out nearby items.


Message History

It was a potion of flight.
You feel very buoyant.
You fly up into the air.
* * * LOW HITPOINT WARNING * * *
You feel sick.
The orc wizard hits you with a dagger of venom.
* * * LOW HITPOINT WARNING * * *
You are more poisoned.
It was a potion of resistance.
You feel protected.
* * * LOW HITPOINT WARNING * * *
You feel sick.
The orc wizard gestures at you while chanting.
You resist with some effort.
It was a potion of agility.
You feel agile all of a sudden.
* * * LOW HITPOINT WARNING * * *
You feel sick.
The orc wizard hits you with a dagger of venom.
You die...

#.# #. #. #.# #.# #.
#.# #.# #. #.# #.# ##
#.# #.# #.##### #.# #.#
#.##... #.# #.# #[#...#
#.#
#########.#######..#.#.
#.##
#.....@o..().().((†.(..
(..##
#.############.###.#.#.
....#### #.# #.# ##...#
.......# #.# #.# #.##
....##.# #.# #.# #.#
...###.# ##.## #.. ...
#.####.###...# #.. ....
#.....#....#.# #.. ##.
######.###...#


You could see an orc wizard.

Vanquished Creatures
  An orc priest (D:3)
  An adder (D:2)
  A gnoll (D:2)
  A worm (D:2)
  2 leopard geckos (D:1)
  7 orcs (D:3)
  2 giant cockroaches
  6 hobgoblins
  6 jackals
  5 kobolds
  2 bats
  3 frilled lizards
  7 rats
44 creatures vanquished.

Notes
Turn   | Place    | Note
-------+----------+-------------------------------------------
     0 | D:1      | McKennaii the Gnoll Arcane Marksman began the quest for the Orb.
     0 | D:1      | Reached XP level 1. HP: 17/17 MP: 4/4
   128 | D:1      | Reached XP level 2. HP: 23/23 MP: 5/5
  1118 | D:1      | Reached XP level 3. HP: 20/28 MP: 7/7
  1878 | D:1      | Reached skill level 1 in Invocations
  2337 | D:3      | Reached skill level 1 in Short Blades
  2337 | D:3      | Reached skill level 1 in Long Blades
  2337 | D:3      | Reached skill level 1 in Axes
  2337 | D:3      | Reached skill level 1 in Maces & Flails
  2337 | D:3      | Reached skill level 1 in Polearms
  2337 | D:3      | Reached skill level 1 in Staves
  2337 | D:3      | Reached skill level 1 in Slings
  2337 | D:3      | Reached skill level 1 in Crossbows
  2337 | D:3      | Reached skill level 1 in Throwing
  2337 | D:3      | Reached skill level 1 in Armour
  2337 | D:3      | Reached skill level 1 in Stealth
  2337 | D:3      | Reached skill level 1 in Shields
  2337 | D:3      | Reached skill level 1 in Unarmed Combat
  2337 | D:3      | Reached skill level 1 in Evocations
  2364 | D:3      | Reached XP level 4. HP: 34/34 MP: 8/8
  2375 | D:3      | Reached skill level 1 in Conjurations
  2375 | D:3      | Reached skill level 1 in Charms
  2375 | D:3      | Reached skill level 1 in Summonings
  2375 | D:3      | Reached skill level 1 in Necromancy
  2375 | D:3      | Reached skill level 1 in Translocations
  2375 | D:3      | Reached skill level 1 in Transmutations
  2375 | D:3      | Reached skill level 1 in Fire Magic
  2375 | D:3      | Reached skill level 1 in Ice Magic
  2375 | D:3      | Reached skill level 1 in Air Magic
  2375 | D:3      | Reached skill level 1 in Earth Magic
  2375 | D:3      | Reached skill level 1 in Poison Magic
  2403 | D:3      | HP: 1/34 [orc wizard/dagger of venom (2)]
  2417 | D:3      | Slain by an orc wizard

Skill      XL: |  1  2  3  4 |
---------------+-------------+-----
Invocations    | 1 |  1.3
Short Blades   | 1 |  1.2
Long Blades    | 1 |  1.2
Axes           | 1 |  1.2
Maces & Flails | 1 |  1.2
Polearms       | 1 |  1.2
Staves         | 1 |  1.2
Slings         | 1 |  1.2
Crossbows      | 1 |  1.2
Throwing       | 1 |  1.2
Armour         | 1 |  1.2
Stealth        | 1 |  1.2
Shields        | 1 |  1.2
Unarmed Combat | 1 |  1.2
Evocations     | 1 |  1.2
Spellcasting   | 3 |  3.0
Conjurations   | 1 |  1.0
Charms         | 1 |  1.0
Summonings     | 1 |  1.0
Necromancy     | 1 |  1.0
Translocations | 1 |  1.0
Transmutations | 1 |  1.0
Fire Magic     | 1 |  1.0
Ice Magic      | 1 |  1.0
Air Magic      | 1 |  1.0
Earth Magic    | 1 |  1.0
Poison Magic   | 1 |  1.0
Fighting       | |  2.8
Bows           | |  4.7
Dodging        | |  4.7
Hexes          | |  5.5

Action                   |  1- 3 |  4- 6 || total
-------------------------+-------+-------++-------
Melee: Unarmed           |    89 |       ||    89
       Bite              |    10 |       ||    10
 Fire: Shortbow          |    86 |    28 ||   114
  Use: Potion            |       |     5 ||     5
 Stab: Sleeping          |     3 |       ||     3
  Eat: Chunk             |     4 |       ||     4
Armor: Robe              |    13 |     3 ||    16
Dodge: Dodged            |   117 |    15 ||   132
